 Dungeon Sprint DCSS version 0.24.0-123-gd5b16e6ec5 (webtiles) character file.

Game seed: 17376916852381585463, levelgen mode: deterministic

68174 McKennaii the Timeless (level 14, -1/124 HPs)
             Began as a Demonspawn Fighter on Jan 13, 2020.
             Was a High Priest of Cheibriados.
             Killed by divine providence
             ... invoked by a greater mummy
              (8 damage)
             ... in the Dungeon (Sprint IX: "|||||||||||||||||||||||||||||").
             The game lasted 00:28:12 (4372 turns).

McKennaii the Timeless (Demonspawn Fighter)         Turns: 4372, Time: 00:28:13

Health: -1/124     AC: 35    Str: 34    XL:     14   Next: 85%
Magic:  11/30      EV: 19    Int: 23    God:    Cheibriados [*****.]
Gold:   1154       SH: 18    Dex: 29    Spells: 13/13 levels left

rFire    + . .     SeeInvis .   p - +2 scimitar (flame)
rCold    + . .     Gourm    .   G - +1 shield {AC+3}
rNeg     . . .     Faith    .   E - +4 plate armour {rC+}
rPois    .         Spirit   .   C - +2 helmet
rElec    .         Reflect  .   s - +1 cloak
rCorr    .         Harm     .   c - +1 pair of gloves
MR       +....     NoTele   +   a - +0 pair of boots
Stlth    ++........             D - amulet of magic regeneration
HPRegen  0.30/turn              b - +2 ring of protection
MPRegen  0.47/turn              F - ring of protection from fire

@: very slow
A: talons 2, foul stench 1, spiny 2, rot immunity, sturdy frame 3
a: Bend Time, Temporal Distortion, Slouch, Step From Time, Renounce Religion


You were in the Dungeon.
You worshipped Cheibriados.
Cheibriados was extremely pleased with you.
You were near starving.

You visited 1 branch You collected 1924 gold pieces.
You spent 770 gold pieces at shops.

Inventory:

Hand Weapons
 p - a +2 scimitar of flaming (weapon)
Armour
 a - a +0 pair of boots (worn)
 c - a +1 pair of gloves (worn)
 q - +0 storm dragon scales
 s - a +1 cloak (worn)
 y - a +1 large shield
 B - a +1 hat of intelligence
 C - a +2 helmet (worn)
 E - a +4 plate armour of cold resistance (worn)
 G - a +1 shield of protection (worn)
Jewellery
 b - a +2 ring of protection (left hand)
 u - an uncursed ring of ice
 x - an uncursed ring of flight
 D - an amulet of magic regeneration (around neck)
 F - a ring of protection from fire (right hand)
Wands
 o - a wand of iceblast (10)
 z - a wand of digging (4)
Scrolls
 k - 4 scrolls of blinking
 m - 4 scrolls of remove curse
 n - 2 scrolls of amnesia
 v - 2 scrolls of fog
 w - a scroll of fear
 I - 2 scrolls of identify
Potions
 d - 2 potions of might
 e - 6 potions of curing
 g - 2 potions of heal wounds
 h - a potion of haste
 i - 4 potions of magic
 j - 2 potions of berserk rage
 l - a potion of invisibility
 r - 2 potions of mutation
 t - 3 potions of agility
 A - a potion of flight {unknown}
 H - a potion of brilliance
Comestibles
 f - 12 rations


   Skills:
 + Level 15.8 Fighting
 * Level 20.7 Long Blades
 + Level 13.0 Armour
 + Level 8.3 Dodging
 + Level 4.2 Stealth
 + Level 15.6 Shields
 + Level 25.5 Invocations


You had 13 spell levels left.
You didn't know any spells.
Your spell library was empty.

Dungeon Overview and Level Annotations

Branches:
Dungeon (1/1)

Altars:
Cheibriados
Dithmenos
Elyvilon
Fedhas
Gozag
Hepliaklqana
Kikubaaqudgha
Makhleb
Nemelex Xobeh
Okawaru
Qazlal
Ru
Sif Muna
Trog
Uskayaw
Vehumet
Wu Jian
Xom
Yredelemnul
Zin
The Shining One
Beogh
Jiyva
Lugonu

Shops:
D %%[[


Innate Abilities, Weirdness & Mutations

You have razor-sharp toenails.
You may emit foul miasma when damaged in melee.
You are mostly covered in sharp spines.
You are immune to rotting.
Your movements are significantly less encumbered by armour. (ER -6)


Message History

Unknown command.
You slice the greater mummy!! You burn the greater mummy!
The greater mummy is severely damaged.
The greater mummy is struck by your spines.
The greater mummy hits you!!
* * * LOW HITPOINT WARNING * * *
Unknown command.
You slash the greater mummy! You burn the greater mummy.
The greater mummy is almost destroyed.
The emperor scorpion closely misses you.
You riposte.
You slice the emperor scorpion!! You burn the emperor scorpion.
The emperor scorpion is almost dead.
The emperor scorpion claws you.
* * * LOW HITPOINT WARNING * * *
The emperor scorpion closely misses you.
You hit the greater mummy but do no damage.
The greater mummy is almost destroyed.
The greater mummy points at you and mumbles some strange words.
Something smites you!
You die...

▓.▓.▓.▓.▓.▓.▓.▓.▓.
▓)▓.▓)▓.▓†▓.▓∩▓.▓.
▓)▓.▓(▓.▓(▓.▓[▓.▓.
▓.▓.▓(▓.▓)▓.▓∩▓.▓.
▓)▓.▓'▓.▓(▓.▓†▓.▓.
▓s▓.▓.▓.▓.▓.▓.▓.▓.
▓s▓.▓.▓.▓)▓.▓)▓.▓.
▓M▓.▓.▓.▓)▓.▓)▓.▓†
▓@▓.▓.▓.▓.▓.▓)▓.▓†
▓s▓.▓)▓.▓.▓.▓)▓.▓.
▓)▓.▓)▓.▓.▓.▓.▓.▓.
▓[▓.▓)▓.▓.▓.▓.▓†▓.
▓)▓.▓(▓.▓.▓.▓.▓.▓.
▓'▓.▓)▓.▓.▓.▓.▓(▓.
▓.▓.▓(▓.▓.▓.▓)▓.▓.
▓(▓.♣(♣.▓.▓.▓.▓(▓.
▓.▓.♣.♣.▓.▓.▓)▓(▓†


You could see a greater mummy and 3 emperor scorpions.

Vanquished Creatures
  An Orb Guardian (D)
  2 liches (D)
  Gastronok (D)
  Frances (D)
  A fire giant (D)
  A vault warden (D)
  2 frost giants (D)
  An ironheart preserver (D)
  2 very ugly things (D)
  2 stone giants (D)
  A vampire knight (D)
  2 entropy weavers (D)
  A spark wasp (D)
  An ettin (D)
  Harold (D)
  2 fire dragons (D)
  A great orb of eyes (D)
  A yaktaur captain (D)
  Erolcha (D)
  A vault guard (D)
  2 ice dragons (D)
  2 centaur warriors (D)
  2 hydras (D)
  2 death knights (D)
  2 death yaks (D)
  A catoblepas (D)
  A two-headed ogre (D)
  A ghost crab (D)
  An alligator (D)
  2 naga sharpshooters (D)
  10 orc high priests (D)
  A spriggan berserker (D)
  Sonja (D)
  A deep elf knight (D)
  A glowing orange brain (D)
  An unseen horror (D)
  A sea snake (D)
  2 ironbrand convokers (D)
  A wizard (D)
  A naga ritualist (D)
  A harpy (D)
  3 necromancers (D)
  3 ugly things (D)
  4 orc knights (D)
  An orb spider (D)
  A wolf spider (D)
  A deep elf mage (D)
  2 manticores (D)
  2 cyclopes (D)
  An elephant (D)
  3 merfolk sirens (D)
  Joseph (D)
  4 black mambas (D)
  A vault sentinel (D)
  A naga mage (D)
  A rime drake (D)
  A torpor snail (D)
  A spiny frog (D)
  A yaktaur (D)
  A meliai (D)
  A jumping spider (D)
  A wind drake (D)
  3 slime creatures (D)
  A blink frog (D)
  2 hippogriffs (D)
  A snapping turtle (D)
  A redback (D)
  5 yaks (D)
  3 tarantellas (D)
  3 wyverns (D)
  Grum (D)
  A hungry ghost (D)
  A steam dragon (D)
  A naga (D)
  3 water moccasins (D)
  A soldier ant (D)
  2 porcupines (D)
  2 sky beasts (D)
  7 orc warriors (D)
  4 wolves (D)
  2 boggarts (D)
  3 centaurs (D)
  4 crocodiles (D)
  4 bullfrogs (D)
  A hound (D)
  9 orc priests (D)
  An orc wizard (D)
  A worker ant (D)
  An adder (D)
  An adder skeleton (D)
  9 orcs (D)
  A kobold (D)
  A frilled lizard (D)
  2 quokka zombies (D)
  3 rats (D)
183 creatures vanquished.

Vanquished Creatures (others)
  A hydra (D)
  2 spiny frogs (D)
  2 tyrant leeches (D)
5 creatures vanquished.

Grand Total: 188 creatures vanquished

Notes
Turn   | Place    | Note
-------+----------+-------------------------------------------
     0 | D        | McKennaii the Demonspawn Fighter began the quest for the
                  | Orb.
     0 | D        | Reached XP level 1. HP: 18/18 MP: 1/1
    98 | D        | Noticed a hound
    98 | D        | Noticed a worker ant
    98 | D        | Noticed a centaur
   103 | D        | Killed a centaur
   103 | D        | Reached skill level 5 in Fighting
   103 | D        | Gained mutation: You have sharp toenails. [demonic
                  | ancestry]
   103 | D        | Reached XP level 2. HP: 5/27 MP: 2/2
   103 | D        | Gained mutation: You have razor-sharp toenails. [demonic
                  | ancestry]
   103 | D        | Reached XP level 3. HP: 6/33 MP: 3/3
   103 | D        | Reached XP level 4. HP: 7/39 MP: 4/4
   105 | D        | Reached skill level 5 in Armour
   113 | D        | Reached skill level 5 in Shields
   113 | D        | Gained mutation: You are partially covered in sharp spines.
                  | [demonic ancestry]
   113 | D        | Reached XP level 5. HP: 6/46 MP: 5/5
   325 | D        | Found a roughly hewn altar of Beogh.
   325 | D        | Found a snail-covered altar of Cheibriados.
   325 | D        | Found a shadowy altar of Dithmenos.
   325 | D        | Found a white marble altar of Elyvilon.
   325 | D        | Found a blossoming altar of Fedhas.
   325 | D        | Found an opulent altar of Gozag.
   326 | D        | Found a hazy altar of Hepliaklqana.
   327 | D        | Found a viscous altar of Jiyva.
   328 | D        | Found an ancient bone altar of Kikubaaqudgha.
   329 | D        | Became a worshipper of Cheibriados the Contemplative
   330 | D        | Found a corrupted altar of Lugonu.
   331 | D        | Found a burning altar of Makhleb.
   332 | D        | Found a sparkling altar of Nemelex Xobeh.
   333 | D        | Found an iron altar of Okawaru.
   334 | D        | Found a stormy altar of Qazlal.
   335 | D        | Found a sacrificial altar of Ru.
   336 | D        | Found a shimmering blue altar of Sif Muna.
   337 | D        | Found a bloodstained altar of Trog.
   338 | D        | Found a hide-covered altar of Uskayaw.
   339 | D        | Found a radiant altar of Vehumet.
   340 | D        | Found an ornate altar of the Wu Jian Council.
   341 | D        | Found a shimmering altar of Xom.
   342 | D        | Found a basalt altar of Yredelemnul.
   343 | D        | Found a glowing silver altar of Zin.
   344 | D        | Found a glowing golden altar of the Shining One.
   397 | D        | Noticed a hippogriff
   397 | D        | Noticed a hippogriff
   397 | D        | Noticed a wyvern
   405 | D        | Killed an unseen horror
   405 | D        | Reached XP level 6. HP: 27/57 MP: 6/6
   405 | D        | Gained mutation: You are mostly covered in sharp spines.
                  | [demonic ancestry]
   405 | D        | Reached XP level 7. HP: 30/63 MP: 7/7
   409 | D        | Killed a wyvern
   409 | D        | Reached * piety under Cheibriados
   414 | D        | Killed a hippogriff
   418 | D        | Reached ** piety under Cheibriados
   426 | D        | Killed a hippogriff
   426 | D        | Reached XP level 8. HP: 6/71 MP: 8/8
   740 | D        | Noticed a death knight
   744 | D        | Reached *** piety under Cheibriados
   755 | D        | Killed a death knight
   760 | D        | Reached **** piety under Cheibriados
   760 | D        | Gained mutation: Your movements are slightly less
                  | encumbered by armour. (ER -2) [demonic ancestry]
   760 | D        | Reached XP level 9. HP: 64/78 MP: 9/9
   762 | D        | Reached skill level 10 in Fighting
   771 | D        | Reached ***** piety under Cheibriados
   982 | D        | Noticed a spiny frog
   993 | D        | Reached skill level 1 in Stealth
  1000 | D        | Killed a spiny frog
  1004 | D        | Reached ****** piety under Cheibriados
  1005 | D        | Noticed an elephant
  1020 | D        | Killed an elephant
  1249 | D        | Noticed a rime drake
  1249 | D        | Noticed an eight-headed hydra
  1255 | D        | Killed a four-headed hydra
  1255 | D        | Gained mutation: You are immune to rotting. [demonic
                  | ancestry]
  1255 | D        | Reached XP level 10. HP: 82/86 MP: 10/10
  1278 | D        | Reached skill level 15 in Long Blades
  1408 | D        | Noticed a death yak
  1410 | D        | Noticed a catoblepas
  1415 | D        | Noticed a death yak
  1417 | D        | Killed a death yak
  1441 | D        | Killed a catoblepas
  1441 | D        | Reached skill level 10 in Armour
  1441 | D        | Reached skill level 5 in Dodging
  1441 | D        | Reached skill level 10 in Shields
  1441 | D        | Reached skill level 2 in Invocations
  1455 | D        | Killed a death yak
  1455 | D        | Reached skill level 3 in Invocations
  1460 | D        | Reached XP level 11. HP: 44/93 MP: 11/13
  1463 | D        | Reached skill level 4 in Invocations
  1678 | D        | Noticed Sonja
  1683 | D        | Killed Sonja
  1852 | D        | Noticed Gastronok
  1868 | D        | Killed Gastronok
  1868 | D        | Reached skill level 6 in Invocations
  1881 | D        | Noticed Joseph
  1888 | D        | Killed Joseph
  2174 | D        | Noticed an orc knight
  2179 | D        | Noticed an orc knight
  2187 | D        | Killed an orc knight
  2187 | D        | Reached skill level 7 in Invocations
  2188 | D        | Noticed an orc high priest
  2197 | D        | Noticed an orc knight
  2204 | D        | Killed an orc knight
  2205 | D        | Killed an orc high priest
  2205 | D        | Reached skill level 8 in Invocations
  2210 | D        | Killed an orc knight
  2332 | D        | Found Zuunufai's Armour Boutique.
  2332 | D        | Noticed an orc high priest
  2332 | D        | Noticed an orc high priest
  2332 | D        | Noticed an orc high priest
  2334 | D        | Noticed an orc high priest
  2337 | D        | Killed an orc high priest
  2337 | D        | Reached skill level 9 in Invocations
  2338 | D        | Noticed an orc high priest
  2340 | D        | Killed an orc high priest
  2343 | D        | Killed an orc high priest
  2343 | D        | Reached skill level 10 in Invocations
  2344 | D        | Found Dopim's Antique Armour Shop.
  2346 | D        | Killed an orc high priest
  2346 | D        | Gained mutation: You may emit foul miasma when damaged in
                  | melee. [demonic ancestry]
  2346 | D        | Reached XP level 12. HP: 88/103 MP: 9/19
  2350 | D        | Killed an orc high priest
  2351 | D        | Noticed an orc high priest
  2355 | D        | Found Kiojowo's Food Boutique.
  2368 | D        | Found Xeadoen's Food Shop.
  2376 | D        | Killed an orc high priest
  2376 | D        | Reached skill level 11 in Invocations
  2409 | D        | Noticed an orc high priest
  2409 | D        | Noticed an orc high priest
  2410 | D        | Noticed an orc high priest
  2414 | D        | Killed an orc high priest
  2416 | D        | Killed an orc high priest
  2416 | D        | Reached skill level 12 in Invocations
  2419 | D        | Killed an orc high priest
  2455 | D        | Bought a glowing helmet for 172 gold pieces
  2455 | D        | Bought a glowing plate armour for 598 gold pieces
  2507 | D        | Noticed Grum
  2516 | D        | Killed Grum
  2516 | D        | Reached skill level 13 in Invocations
  2620 | D        | Got the cursed +0 scimitar of Income {flame, rC+}
  2711 | D        | Noticed a two-headed ogre
  2721 | D        | Killed a two-headed ogre
  2721 | D        | Reached skill level 14 in Invocations
  2728 | D        | Noticed a fire giant
  2728 | D        | Noticed a stone giant
  2730 | D        | Noticed a fire dragon
  2730 | D        | Noticed an ice dragon
  2740 | D        | Killed a fire giant
  2743 | D        | Killed a stone giant
  2743 | D        | Reached skill level 15 in Invocations
  2743 | D        | Killed a fire dragon
  2743 | D        | Killed an ice dragon
  2918 | D        | Noticed Erolcha
  2923 | D        | Paralysed by Erolcha for 6 turns
  2925 | D        | Killed Erolcha
  2925 | D        | Reached skill level 16 in Invocations
  3001 | D        | Noticed a spark wasp
  3003 | D        | Killed a spark wasp
  3003 | D        | Gained mutation: Your movements are less encumbered by
                  | armour. (ER -4) [demonic ancestry]
  3003 | D        | Reached XP level 13. HP: 112/112 MP: 19/25
  3011 | D        | Reached skill level 17 in Invocations
  3132 | D        | Reached skill level 18 in Invocations
  3585 | D        | Noticed Harold
  3602 | D        | Killed Harold
  3611 | D        | Noticed Frances
  3620 | D        | Killed Frances
  3620 | D        | Reached skill level 19 in Invocations
  3768 | D        | Noticed a lich
  3768 | D        | Noticed an ettin
  3768 | D        | Noticed a fire dragon
  3768 | D        | Noticed a brown very ugly thing
  3770 | D        | Noticed a vampire knight
  3772 | D        | Killed an ettin
  3773 | D        | Killed a brown very ugly thing
  3773 | D        | Killed a fire dragon
  3773 | D        | Killed a lich
  3773 | D        | Reached skill level 20 in Invocations
  3773 | D        | Reached skill level 15 in Fighting
  3778 | D        | Paralysed by something for 4 turns
  3785 | D        | Killed a vampire knight
  3795 | D        | Gained mutation: Your movements are significantly less
                  | encumbered by armour. (ER -6) [demonic ancestry]
  3795 | D        | Reached XP level 14. HP: 76/123 MP: 14/28
  3827 | D        | Noticed a white very ugly thing
  3828 | D        | Noticed a frost giant
  3833 | D        | Killed a white very ugly thing
  3833 | D        | Reached skill level 21 in Invocations
  3833 | D        | Killed a frost giant
  3834 | D        | Noticed a frost giant
  4049 | D        | Noticed a stone giant
  4054 | D        | Noticed a lich
  4058 | D        | Killed a frost giant
  4066 | D        | Killed a stone giant
  4066 | D        | Reached skill level 22 in Invocations
  4069 | D        | Killed a lich
  4069 | D        | Reached skill level 15 in Shields
  4275 | D        | Noticed a vault warden
  4276 | D        | Noticed an entropy weaver
  4285 | D        | Killed a vault warden
  4285 | D        | Reached skill level 23 in Invocations
  4289 | D        | Killed an entropy weaver
  4300 | D        | Reached skill level 24 in Invocations
  4304 | D        | Noticed an entropy weaver
  4314 | D        | Killed an entropy weaver
  4315 | D        | Noticed an ironheart preserver
  4333 | D        | Killed an ironheart preserver
  4334 | D        | Noticed a greater mummy
  4334 | D        | Noticed an Orb Guardian
  4344 | D        | Reached skill level 25 in Invocations
  4346 | D        | Noticed an emperor scorpion
  4353 | D        | Killed an Orb Guardian
  4355 | D        | Noticed an emperor scorpion
  4355 | D        | Noticed an emperor scorpion
  4372 | D        | Killed from afar by a greater mummy

Levels and vault maps discovered:
D:        linesprint [early_d, line_temple, items_1, d_10, items_2, lair_1,
          lair_end, items_3, orc_1, orc_end, items_4, d_15, swamp_1, shoals_1,
          snake_1, spider_1, d_20, vaults_1, items_5, swamp_end, shoals_end,
          snake_end, spider_end, vaults_end, d_27, items_6, zot_1, zot_end,
          crypt_end, forest_end, elf_end, slime_end, tomb_end, abyss_end,
          pan_hell_end]

Skill      XL: |  1  2  3  4  5  6  7  8  9 10 11 12 13 14 |
---------------+-------------------------------------------+-----
Long Blades    | 3 4 7 9 11 14 16 17 18 19 20 | 20.7
Armour         | 4 5 7 8 9 10 11 12 13 | 13.0
Shields        | 4 5 6 7 8 9 10 11 13 14 15 | 15.6
Fighting       | 5 8 9 10 11 12 13 15 | 15.8
Dodging        | 2 3 4 5 6 7 8 |  8.3
Stealth        | 1 2 4 |  4.2
Invocations    | 3 10 16 20 25 | 25.5

Action                   |  1- 3 |  4- 6 |  7- 9 | 10-12 | 13-15 || total
-------------------------+-------+-------+-------+-------+-------++-------
Melee: Long sword        |    17 |    12 |       |       |       ||    29
       Kick              |       |     3 |       |       |       ||     3
       Scimitar          |       |     7 |    88 |   207 |   166 ||   468
Invok: Slouch            |       |       |       |    17 |    30 ||    47
       Temporal Distorti |       |       |       |     1 |     1 ||     2
  Use: Potion            |       |     1 |     1 |     1 |     2 ||     5
       Scroll            |       |       |       |     1 |       ||     1
 Stab: Petrified         |       |       |       |     2 |       ||     2
  Eat: Chunk             |       |       |     1 |     5 |     5 ||    11
Armor: Scale mail        |     7 |    14 |    19 |       |       ||    40
       Chain mail        |       |       |    12 |    16 |       ||    28
       Plate armour      |       |       |       |    17 |    59 ||    76
Dodge: Dodged            |     5 |     3 |    39 |    66 |    48 ||   161
Block: Shield            |     4 |     8 |    50 |    99 |    94 ||   255
       Rpst.: Long sword |     1 |     2 |       |       |       ||     3
       Scimitar          |       |       |     7 |    13 |     5 ||    25
